 Dungeon Crawl Stone Soup version 0.20.1-1-g8b1a95d (webtiles) character file.

38 dvd the Caller (level 3, 0/31 HPs)
             Began as a Troll Summoner on Oct 24, 2017.
             Slain by an adder (2 damage)
             ... on level 2 of the Dungeon.
             The game lasted 00:02:35 (654 turns).

dvd the Caller (Troll Summoner)                      Turns: 654, Time: 00:02:36

Health: 0/31       AC:  5    Str: 16    XL:     3   Next: 25%
Magic:  1/4        EV: 10    Int: 18    God:
Gold:   86         SH:  0    Dex: 10    Spells: 1/4 levels left

rFire    . . .     SeeInvis .   o - +0 hand axe
rCold    . . .     Gourm    +   (no shield)
rNeg     . . .     Faith    .   a - +0 robe
rPois    .         Spirit   .   (helmet restricted)
rElec    .         Reflect  .   (no cloak)
rCorr    .         Harm     .   (gloves unavailable)
MR       .....                  (boots unavailable)
Stlth    +.........             (no amulet)
Regen    0.5/turn               d - ring of wizardry
MPRegen  0.1/turn               p - +6 ring of intelligence

@: lethally poisoned (0 -> -2), flying
A: unfitting armour, claws 3, fast metabolism 3, gourmand, regeneration 1,
shaggy fur 1, tough skin 2
a: no special abilities


You were on level 2 of the Dungeon.
You were full.

You visited 1 branch of the dungeon, and saw 2 of its levels.

You collected 86 gold pieces.

Inventory:

Hand Weapons
 o - a +0 hand axe (weapon)
Armour
 a - a +0 robe (worn)
Jewellery
 d - a ring of wizardry (left claw)
 g - an uncursed ring of wizardry
 p - a +6 ring of intelligence (right claw)
Scrolls
 e - a scroll of amnesia {unknown}
 h - a scroll of enchant armour {unknown}
 j - a scroll of identify {unknown}
 l - a scroll of random uselessness {unknown}
 q - a scroll of remove curse {unknown}
 r - a scroll of fog {unknown}
Potions
 f - 2 potions of flight
 i - a potion of lignification {unknown}
 k - a potion of haste {unknown}
 n - a potion of curing {unknown}
Books
 b - a book of Callings

   Spells                             Type                      Level
   a - Summon Small Mammal            Summoning                    1
   b - Call Imp                       Summoning                    2
   c - Call Canine Familiar           Summoning                    3
   d - Summon Guardian Golem          Hexes/Summoning              3
   e - Summon Lightning Spire         Summoning/Air                4
   f - Summon Ice Beast               Ice/Summoning                4
Comestibles
 c - 2 bread rations
 m - 3 fruits


   Skills:
 + Level 0.1 Axes
 + Level 1.8 Dodging
 + Level 1.2 Stealth
 + Level 0.8 Unarmed Combat
 + Level 1.3 Spellcasting
 + Level 3.3 Summonings


You had one spell level left.
You knew the following spells:

 Your Spells              Type           Power        Failure   Level  Hunger
a - Summon Small Mammal   Summ           ##..         1%          1    ##.....
b - Call Imp              Summ           ##......     3%          2    ###....


Dungeon Overview and Level Annotations

Branches:
Dungeon (2/15)

Altars:


Innate Abilities, Weirdness & Mutations

You are too large for most types of armour.
You have claws for hands.
Your metabolism is lightning-fast.
You like to eat raw meat.
Your natural rate of healing is unusually fast.
You are covered in fur. (AC +1)
You have very tough skin. (AC +2)


Message History

You closely miss the adder.
The adder is almost dead.
You feel sick. The adder bites you.
* * * LOW HITPOINT WARNING * * *
Your crimson imp blinks!
Your crimson imp closely misses the adder.
The adder closely misses you.
You closely miss the adder.
The adder is almost dead.
* * * LOW HITPOINT WARNING * * *
You feel sick.
Your crimson imp barely misses the adder.
The adder bites you but does no damage.
Your crimson imp hits the adder.
Unknown command.
It was a potion of flight.
You feel very buoyant.
You fly up into the air.
* * * LOW HITPOINT WARNING * * *
You feel sick. The adder bites you.
You die...

# ##### ...##...##
.......S.##
......5@5.####
.............##
..........##..######
.........####......#####
...##...## ######......
## ##### ##.....
###..... #....[..
.....#.....


You could see an adder and 2 friendly crimson imps.

Vanquished Creatures
  A gnoll (D:1)
  A dart slug (D:1)
  A leopard gecko (D:2)
  A giant cockroach (D:1)
  3 goblins (D:1)
  2 jackals (D:1)
  4 bats (D:1)
  A frilled lizard (D:1)
  2 kobolds (D:1)
  A rat (D:1)
17 creatures vanquished.

Vanquished Creatures (collateral kills)
  An adder (D:2)
  A goblin (D:1)
  A kobold (D:1)
3 creatures vanquished.

Grand Total: 20 creatures vanquished

Notes
Turn   | Place    | Note
-------+----------+-------------------------------------------
     0 | D:1      | dvd the Troll Summoner began the quest for the Orb.
     0 | D:1      | Reached XP level 1. HP: 16/16 MP: 1/1
    31 | D:1      | Reached skill level 3 in Summonings
    89 | D:1      | Reached XP level 2. HP: 23/24 MP: 2/2
   289 | D:1      | Learned a level 2 spell: Call Imp
   475 | D:1      | Reached XP level 3. HP: 30/31 MP: 1/4
   654 | D:2      | Slain by an adder

Skill      XL: |  1 |
---------------+----+-----
Summonings     | 3 |  3.3
Axes           | |  0.1
Dodging        | |  1.8
Stealth        | |  1.2
Unarmed Combat | |  0.8
Spellcasting   | |  1.3

Action                   || total
-------------------------++-------
Melee: Unarmed           ||    42
       Hand axe          ||    12
 Cast: Summon Small Mamm ||     6
       Call Imp          ||     3
  Use: Potion            ||     1
 Stab: Sleeping          ||     2
       Distracted        ||     2
  Eat: Chunk             ||     9
Armor: Robe              ||    31
Dodge: Dodged            ||    44
